 Dungeon Crawl Stone Soup version 0.21-a0-133-gf55ed5b (webtiles) character file.

1993451 MackTheKnife the Talismancer (level 26, 221/234 HPs)
             Began as a Deep Dwarf Wanderer on July 17, 2017.
             Was the Champion of Makhleb.
             Escaped with the Orb
             ... and 3 runes!
             The game lasted 02:42:34 (50210 turns).

MackTheKnife the Talismancer (Deep Dwarf Wanderer) Turns: 50210, Time: 02:42:34

Health: 221/234    AC: 24    Str: 33    XL:     26   Next: 82%
Magic:  31/31      EV: 21    Int: 13    God:    Makhleb [******]
Gold:   2909       SH: 34    Dex: 22    Spells: 25/25 levels left

rFire    + + +     SeeInvis +   Y - +9 demon whip (freeze)
rCold    + + +     Gourm    +   n - +6 large shield of Nemelex Xobeh's Fury {Dex+2}
rNeg     + . .     Faith    .   K - +6 chain mail "Bialyess" {rElec rCorr}
rPois    +         Spirit   .   N - +2 helmet {SInv}
rElec    +         Reflect  .   u - scarf {rC+ rF+}
rCorr    +         Harm     .   s - +2 pair of gloves "Karey" {Dex+5}
MR       +++..                  p - +1 pair of boots
Stlth    ..........             U - amulet of the gourmand {Gourm, !d}
HPRegen  0.00/turn              T - ring "Zyevveg" {rF+ Stlth+}
MPRegen  0.22/turn              F - ring "Joutaob" {rC+++ Str+5 Dex+3}

@: non-regenerating, studying Armour
A: damage resistance, heal wounds, talons 1, repulsion field 1, deformed body,
fire resistance 1, frail 1, negative energy resistance 1, sense surroundings 3,
poison resistance, no regeneration
0: Orb of Zot
}: 3/15 runes: serpentine, barnacled, silver
a: Heal Wounds, Minor Destruction, Lesser Servant of Makhleb, Major Destruction,
Greater Servant of Makhleb, Renounce Religion


You escaped.
You worshipped Makhleb.
Makhleb was exalted by your worship.
You were full.

You visited 10 branches of the dungeon, and saw 49 of its levels.
You visited 1 bazaar.
You also visited: Labyrinth, Sewer, Ice Cave and Wizlab.

You collected 5562 gold pieces.
You spent 2653 gold pieces at shops.

Inventory:

Hand Weapons
 Y - a +9 demon whip of freezing (weapon)
   (You took it off Asterion on level 1 of the Elven Halls)
Armour
 n - the +6 large shield of Nemelex Xobeh's Fury (worn) {Dex+2}
   (You took it off Louise on level 2 of the Snake Pit)

   It affects your dexterity (+2).
 p - a +1 pair of boots (worn)
   (You found it on level 4 of the Dungeon)
 s - the +2 pair of gloves "Karey" (worn) {Dex+5}
   (You acquired it on level 4 of the Shoals)

   It affects your dexterity (+5).
 u - a scarf of resistance (worn)
   (You found it on level 11 of the Dungeon)
 K - the +6 chain mail "Bialyess" (worn) {rElec rCorr}
   (You found it on level 11 of the Dungeon)

   It insulates you from electricity.
   It protects you from acid and corrosion.
 N - a +2 helmet of see invisible (worn)
   (You found it on level 5 of the Vaults)
Jewellery
 d - a +6 ring of protection
   (You took it off a merfolk aquamancer on level 4 of the Shoals)
 F - the ring "Joutaob" (right hand) {rC+++ Str+5 Dex+3}
   (You bought it in a shop on level 2 of the Orcish Mines)

   [ring of strength]

   It affects your strength (+5).
   It affects your dexterity (+3).
   It renders you almost immune to cold.
 T - the ring "Zyevveg" (left hand) {rF+ Stlth+}
   (You found it in a labyrinth)

   [ring of stealth]

   It protects you from fire.
   It makes you more stealthy.
 U - an amulet of the gourmand (around neck) {Gourm, !d}
   (You found it on level 6 of the Lair of Beasts)
Wands
 f - a wand of acid (5/15)
   (You found it on level 4 of the Shoals)
 l - a wand of clouds (3/9)
   (You bought it in a shop in a bazaar)
 P - a wand of digging (15/24)
   (You found it on level 13 of the Dungeon)
 Q - a wand of iceblast (5/15)
   (You found it on level 4 of the Shoals)
 X - a wand of acid (3/15)
   (You found it on level 5 of the Vaults)
 Z - a wand of iceblast (2/15)
   (You found it on level 4 of the Shoals)
Scrolls
 g - 20 scrolls of remove curse
 y - a scroll of summoning
 z - 8 scrolls of blinking {!r}
 A - 17 scrolls of teleportation
 B - 6 scrolls of fear
 E - 8 scrolls of recharging
 G - 8 scrolls of fog
 J - a scroll of holy word {!r}
 V - 9 scrolls of enchant armour
Potions
 j - a potion of ambrosia
 m - 6 potions of magic
 o - 8 potions of cancellation
 q - 3 potions of resistance
 r - 14 potions of heal wounds
 t - 8 potions of haste
 v - a potion of berserk rage {!q}
 x - 2 potions of flight
 C - 4 potions of invisibility
 H - 9 potions of curing
 O - a potion of might
 R - 3 potions of agility
Books
 w - a manual of Armour {!d}
   (You found it in a wizard's laboratory)
Miscellaneous
 a - a lamp of fire (inert)
   (You found it on level 13 of the Dungeon)
 b - a phial of floods
   (You bought it in a shop on level 1 of the Orcish Mines)
 c - a lightning rod (inert)
   (You found it on level 14 of the Dungeon)
 e - a phantom mirror
 M - a sack of spiders
Comestibles
 k - 25 meat rations {@e2}


   Skills:
 - Level 20.0 Fighting
   Level 0.9(10.2) Axes
 - Level 14.1 Maces & Flails
   Level 1.1 Crossbows
 - Level 13.1 Armour
 - Level 12.0 Dodging
 - Level 25.0 Shields
 + Level 19.0 Invocations
 O Level 27 Evocations


You had 25 spell levels left.
You didn't know any spells.

Dungeon Overview and Level Annotations

Branches:
Dungeon (15/15)            Temple (1/1) D:5            Lair (6/6) D:9
 Shoals (4/4) Lair:3        Snake (4/4) Lair:3        Slime (0/5) Lair:6
    Orc (2/2) D:9             Elf (2/3) Orc:2        Vaults (5/5) D:13
  Crypt (0/3) Vaults:3     Depths (5/5) D:15            Zot (5/5) Depths:5

Altars:
Ashenzari
Cheibriados
Dithmenos
Elyvilon
Fedhas
Gozag
Hepliaklqana
Kikubaaqudgha
Makhleb
Nemelex Xobeh
Okawaru
Qazlal
Ru
Sif Muna
Trog
Vehumet
Wu Jian
Xom
Yredelemnul
Zin
The Shining One
Beogh

Shops:
D:5 *   D:7 }   Orc:1 }   Orc:2 *=[(   Elf:1 ?   Snake:1 (   Snake:4 (
Vaults:2 :   Vaults:3 (

Portals:
Hell: Depths:2 Depths:4 Depths:5
Abyss: Depths:3 Depths:4

Annotations:
D:3 exclusion: 2 downstairs
D:4 Leszczynek's ghost, amateur GnFi
D:5 exclusion: upstairs
D:9 exclusion: door
Lair:1 exclusion: oklob plant
Elf:1 31 runed doors
Depths:4 1 transporter, exclusion: upstairs
Depths:5 exclusion: upstairs
Zot:3 exclusions: downstairs and 2 upstairs
Zot:5 exclusions: orange crystal statue and upstairs


Innate Abilities, Weirdness & Mutations

You are resistant to damage.
You can heal yourself by infusing magical energy.
You resist negative energy. (rN+)
You passively map a large area around you.
You do not regenerate.
You have sharp toenails.
You are surrounded by a mild repulsion field. (EV +2)
Armour fits poorly on your strangely shaped body.
Your flesh is heat resistant. (rF+)
You are frail. (-10% HP)
Your system is resistant to poisons. (rPois)


Message History

You whack the red devil! You freeze the red devil!
You kill the red devil!
Makhleb accepts your kill.
You feel better.
You regained 7 hp, and now have 207/234 hp.
No target in view!
No target in view!
(D) Dungeon (T) Temple (L) Lair (A) Shoals (P) Snake Pit (M) Slime Pits (O) Orcish Mines (E) Elven Halls (V) Vaults (C) Crypt (U) Depths (H) Hell (Z) Zot
Where to? (Enter - D:1, ? - help)
There is an open door, spattered with blood here.
There is a stone staircase leading up here.
You climb upwards.
There is a stone staircase leading down here.
There is an open door here.
There is an open door here.
There is a stone staircase leading up here.
You climb upwards.
There is a stone staircase leading down here.
A quasit comes into view.
There is an open door here.
You whack the quasit! You freeze the quasit.
You kill the quasit!
Makhleb accepts your kill.
You feel better.
You regained 5 hp, and now have 212/234 hp.
No target in view!
No target in view!
(D) Dungeon (T) Temple (L) Lair (A) Shoals (P) Snake Pit (M) Slime Pits (O) Orcish Mines (E) Elven Halls (V) Vaults (C) Crypt (U) Depths (H) Hell (Z) Zot
Where to? (Enter - D:1, ? - help)
There is an open door here.
A hellwing comes into view.
You block the hellwing's attack. x2
You barely miss the hellwing. You thrash the hellwing!!
You freeze the hellwing! You block the hellwing's attack. x2
You hit the hellwing. You freeze the hellwing. You thrash the hellwing!!
You freeze the hellwing.
You kill the hellwing!
Makhleb accepts your kill.
You feel better.
You regained 8 hp, and now have 220/234 hp.
No target in view!
(D) Dungeon (T) Temple (L) Lair (A) Shoals (P) Snake Pit (M) Slime Pits (O) Orcish Mines (E) Elven Halls (V) Vaults (C) Crypt (U) Depths (H) Hell (Z) Zot
Where to? (Enter - D:1, ? - help)
There is a stone staircase leading up here.
You climb upwards.
Level annotation: exclusion: upstairs
There is a stone staircase leading down here.
There is a stone staircase leading up here.
You climb upwards.
Level annotation: Leszczynek's ghost, amateur GnFi
There is a stone staircase leading down here.
There is a stone staircase leading up here.
You climb upwards.
Level annotation: exclusion: 2 downstairs
There is a stone staircase leading down here.
A giant cockroach comes into view.
There is a stone staircase leading up here.
You climb upwards.
There is a stone staircase leading down here.
(D) Dungeon (T) Temple (L) Lair (A) Shoals (P) Snake Pit (M) Slime Pits (O) Orcish Mines (E) Elven Halls (V) Vaults (C) Crypt (U) Depths (H) Hell (Z) Zot
Where to? (Enter - D:1, ? - help)
What level of the Dungeon? (default 1, ? - help)
There is a stone staircase leading up here.
You climb upwards.
There is a stone staircase leading down here.
A hobgoblin comes into view.
The hobgoblin shouts!
You block the hobgoblin's attack.
You closely miss the hobgoblin. You whack the hobgoblin!
You freeze the hobgoblin.
You kill the hobgoblin!
Makhleb accepts your kill.
You feel better.
No target in view!
There is a staircase leading out of the dungeon here.
You create a blast of negative energy!
This wand has 6 charges left.
You create a blast of acidic fog!
This wand has 5 charges left.
A Brimstone Fiend comes into view.
You create a blast of negative energy!
This wand has 4 charges left.
You create a blast of acidic fog!
This wand has 3 charges left.
The plant is engulfed in acidic fog.
The plant is splashed with acid.
The plant is engulfed in acidic fog.
The plant is splashed with acid.
The acid corrodes the plant!
The plant is engulfed in acidic fog.
The plant is splashed with acid.
The acid corrodes the plant!
The plant is engulfed in acidic fog.
The plant is splashed with acid.
You have escaped!

.......####...#####.####..###....
##.###.# #...# #.......###.##.
#.# #.# #...# #.##........##. #.#
#.####...#####.##..#.#...##. #.#
#........§§§§§.......#####..
##.###.........§§§........# ##...
.........P#≈#P.§§§.P#≈#P..###.#.#
######..P##≈##P.§.P##≈##P.##.##.#
#...≈§§§§§§@§§§§§§≈....###.#
######..P##≈##P.§.P##≈##P.##....#
#........P#≈#P.§§§.P#≈#P..#...##.
#.####.........§§§.1........##...
#.##..........§§§§§........#....#
#.##.#.##.####§§#####.####...####
#......##.##..§§.###..## #####
####.####.##.#..#......# #.#
#..............#


You could see a Brimstone Fiend.

Vanquished Creatures
  3 orbs of fire (Zot:5)
  Mara (Snake:4)
  6 ancient liches (Zot:5)
  A juggernaut (Depths:2)
  Vashnia (Snake:2)
  Bai Suzhen (Snake:4)
  A curse toe (Zot:5)
  2 caustic shrikes
  5 Killer Klowns
  Nikola (Vaults:2)
  A bone dragon (Depths:5)
  5 golden dragons
  A Brimstone Fiend (D:10)
  2 liches
  2 electric golems (Zot:5)
  11 tentacled monstrosities
  19 Orb Guardians
  Asterion (Elf:1)
  Polyphemus (Shoals:3)
  2 quicksilver dragons
  6 titans
  2 death cobs
  An Executioner (D:15)
  5 sphinxes
  11 tengu reavers
  A shadow dragon (shapeshifter) (Vaults:5)
  8 storm dragons
  4 draconian monks
  6 shadow dragons
  Ilsuiw (Shoals:4)
  7 nagarajas
  A ghost moth (shapeshifter) (Vaults:5)
  11 fire giants
  10 frost giants
  2 ghost moths (Zot:5)
  3 deep elf sorcerers
  An iron dragon (Depths:2)
  An orc warlord (Orc:2)
  Aizul (Snake:3)
  16 vault wardens
  3 draconian knights
  A draconian scorcher (Zot:1)
  Louise (Snake:2)
  The ghost of TotoDurand the Basher, a journeyman DrBe of Trog (Lair:4)
  The ghost of TheGoof the Black Belt, a journeyman OpTm of Gozag (Snake:1)
  A balrug (Depths:2)
  3 draconian stormcallers (Depths:5)
  A spriggan defender (Depths:3)
  A draconian annihilator (Zot:1)
  A deep elf elementalist (Vaults:5)
  27 very ugly things
  20 stone giants
  2 entropy weavers
  An entropy weaver (shapeshifter) (Depths:2)
  A war gargoyle (Vaults:4)
  3 deep elf demonologists
  A vampire knight (Vaults:3)
  11 ironheart preservers
  4 black draconians
  2 deep elf annihilators (Vaults:5)
  3 white draconians
  11 green draconians
  6 red draconians
  3 spark wasps (Depths:1)
  4 yellow draconians
  7 purple draconians
  A green death (Zot:3)
  A minotaur (Lab)
  8 merfolk javelineers
  A crystal guardian (Vaults:5)
  Snorg (Orc:2)
  5 fire dragons
  14 yaktaur captains
  A jiangshi (Vaults:3)
  15 ettins
  8 merfolk impalers
  3 deep elf high priests
  30 vault guards
  8 great orbs of eyes
  11 naga warriors
  A rakshasa (D:15)
  6 ice dragons
  5 hydras
  10 anacondas
  18 centaur warriors
  A spriggan air mage (Depths:3)
  3 merfolk aquamancers (Shoals:4)
  66 two-headed ogres
  2 catoblepae
  3 death knights
  A two-headed ogre (shapeshifter) (Vaults:5)
  5 dancing weapons
  6 deep troll earth magi
  5 death yaks
  11 deep troll shamans
  5 satyrs
  20 ogre magi
  2 tengu warriors (Depths:1)
  2 orc high priests (Orc:2)
  11 shock serpents
  8 naga sharpshooters
  2 spriggan berserkers
  9 deep elf knights
  3 skeletal warriors
  A salamander mystic (Snake:2)
  5 iron trolls
  4 shadow wraiths
  A gelid demonspawn (D:15)
  20 sea snakes
  3 flayed ghosts
  2 glowing orange brains
  A swamp dragon (shapeshifter) (Depths:2)
  21 deep trolls
  2 fire crabs (shapeshifter)
  8 naga ritualists
  3 unseen horrors
  A deep troll (shapeshifter) (Vaults:1)
  An unseen horror (shapeshifter) (D:14)
  An orange crystal statue (Depths:2)
  Pikel (D:4)
  7 deep elf archers
  11 ironbrand convokers
  3 wizards
  25 harpies
  2 lindwurms (shapeshifter)
  2 phantasmal warriors
  37 deep elf magi
  5 mana vipers
  13 orc knights
  6 orc sorcerers
  3 necromancers
  21 fauns
  A human zombie (Vaults:2)
  4 wolf spiders
  10 cyclopes
  27 ugly things
  16 manticores
  8 salamanders
  8 moths of wrath
  A salamander (shapeshifter) (Depths:2)
  A black mamba (shapeshifter) (Depths:3)
  An elephant (shapeshifter) (Vaults:4)
  5 centaur zombies
  A frost giant skeleton (D:15)
  Maurice (D:12)
  22 vault sentinels
  28 black mambas
  8 merfolk sirens
  A fire giant skeleton (D:15)
  4 elephants (Lair:4)
  19 naga magi
  A water nymph (shapeshifter) (Vaults:4)
  2 spectral swamp worms (Depths:1)
  3 water nymphs
  8 guardian serpents
  4 ice statues
  An orange demon (Depths:4)
  A gargoyle (D:13)
  36 yaktaurs
  A spiny frog (shapeshifter) (Vaults:1)
  7 centaur skeletons
  2 efreet
  15 spiny frogs
  2 kobold demonologists (D:15)
  A tormentor (D:15)
  A yaktaur (shapeshifter) (Depths:3)
  4 komodo dragons
  9 freezing wraiths
  6 ice devils (IceCv)
  A rime drake (Lair:1)
  A redback zombie (D:15)
  A hellwing (D:6)
  A yaktaur skeleton (Vaults:2)
  2 red devils
  2 merfolk (shapeshifter)
  3 tengu conjurers (D:14)
  37 merfolk
  A polar bear (Lair:6)
  6 wind drakes
  A meliai (D:15)
  10 trolls
  10 hornets
  2 blink frogs (Lair:6)
  11 hippogriffs
  21 slime creatures
  3 dream sheep (Shoals:2)
  An ice dragon zombie (D:15)
  9 snapping turtles
  Sigmund (D:4)
  A redback (Lair:6)
  A flying skull (Vaults:3)
  2 yaks (shapeshifter)
  5 shadows
  3 spriggans (Depths:2)
  6 water elementals
  An air elemental (Elf:1)
  13 wyverns
  25 yaks
  2 tarantellas (shapeshifter)
  4 wraiths
  The ghost of oki the Skirmisher, an amateur BaFi (Sewer)
  A chaos spawn (Depths:3)
  A fire elemental (Elf:2)
  4 fire bats (D:9)
  5 basilisks
  An elf zombie (D:15)
  2 hungry ghosts
  2 yaktaur simulacra
  2 vampire mosquitoes (D:13)
  9 wargs
  42 nagas
  2 soldier ants
  A deep troll zombie (Vaults:2)
  3 floating eyes
  5 hell hounds
  7 porcupines
  14 water moccasins
  2 phantoms
  2 black bears
  40 orc warriors
  2 sky beasts
  A black bear (shapeshifter) (Vaults:1)
  7 ice beasts
  A swamp drake (shapeshifter) (Vaults:5)
  4 eyes of draining
  40 ogres
  2 ettin simulacra
  3 necrophages
  21 wolves
  2 boggarts (Elf:1)
  38 centaurs
  11 crocodiles
  5 big kobolds
  19 bullfrogs
  3 scorpions
  10 wights
  8 killer bees
  7 electric eels
  8 howler monkeys
  7 crimson imps
  4 quasits
  A draconian simulacrum (IceCv)
  A human simulacrum (Vaults:2)
  10 hounds
  2 jellies
  37 orc priests
  2 iguanas
  32 orc wizards
  Jessica (D:2)
  4 bullfrog skeletons
  2 troll simulacra (IceCv)
  7 worker ants
  3 centaur simulacra (IceCv)
  2 hound zombies
  A hound skeleton (D:7)
  10 gnolls
  4 river rats (Sewer)
  10 adders
  3 naga simulacra (IceCv)
  An ogre simulacrum (IceCv)
  7 shadow imps
  A white imp (Vaults:1)
  An ufetubus (Zot:1)
  5 oozes
  An adder skeleton (D:8)
  2 adder zombies
  8 worms
  2 dart slugs
  A leopard gecko (D:2)
  119 orcs
  3 bats
  5 giant cockroaches
  5 goblins
  7 hobgoblins
  23 jackals
  17 kobolds
  3 quokkas
  8 ball pythons
  6 frilled lizards
  A leopard gecko skeleton (D:4)
  11 rats
1982 creatures vanquished.

Vanquished Creatures (collateral kills)
  2 Killer Klowns (Zot:5)
  A tentacled monstrosity (Zot:5)
  4 Orb Guardians (Zot:5)
  A nagaraja (Snake:4)
  An orc warlord (Orc:1)
  A draconian shifter (Zot:1)
  2 draconian scorchers (Zot:1)
  A very ugly thing (Zot:1)
  A green draconian (Zot:1)
  A red draconian (Zot:1)
  A yellow draconian (Zot:1)
  The ghost of minicreteconcrete the Markscentaur, a journeyman CeHu of Trog (D:11)
  4 anacondas
  2 death yaks
  2 shock serpents (Snake:3)
  2 naga sharpshooters (Snake:2)
  A deep elf archer (Elf:1)
  A harpy (Shoals:4)
  A deep elf mage (Elf:1)
  An orc sorcerer (Orc:2)
  A manticore (Shoals:4)
  A cyclops (Shoals:4)
  A moth of wrath (Zot:5)
  6 black mambas
  2 naga magi
  2 merfolk sirens
  A vault sentinel (Vaults:5)
  A guardian serpent (Snake:3)
  5 spiny frogs
  A rime drake (Lair:2)
  A komodo dragon (Lair:6)
  An ice devil (IceCv)
  A wind drake (Shoals:4)
  3 blink frogs (Lair:6)
  2 redbacks (Lair:6)
  2 wyverns (Lair:6)
  A water elemental (Shoals:4)
  2 basilisks
  5 nagas
  2 water moccasins
  2 orc warriors (Orc:1)
  5 wolves
  2 crocodiles
  A bullfrog (Lair:3)
  A killer bee (D:11)
  A hound (D:10)
  A jelly (D:11)
  2 orc priests (Orc:1)
  2 orc wizards (Orc:1)
  A white imp (Lair:4)
  A fungus (Lair:4)
  3 plants
94 creatures vanquished.

Vanquished Creatures (others)
  A vampire knight (Depths:3)
  A yellow draconian (Depths:5)
  2 deep elf knights
  A vault sentinel (Vaults:2)
  A yak (D:10)
  A wyvern (Lair:6)
  A wolf (Lair:2)
  An ogre (Depths:1)
  A quasit (D:10)
  A worker ant (D:12)
  A shadow imp (D:15)
  An orc (Vaults:5)
  4 fungi (Lair:6)
  12 plants (Shoals:4)
  6 withered plants (D:15)
35 creatures vanquished.

Grand Total: 2111 creatures vanquished

Notes
Turn   | Place    | Note
-------+----------+-------------------------------------------
     0 | D:1      | MackTheKnife the Deep Dwarf Wanderer began the quest for the Orb.
     0 | D:1      | MackTheKnife set off with: a +2 scale mail, a potion of curing, a scroll of teleportation, a +0 club, a bread ration {@e1}
     0 | D:1      | Reached XP level 1. HP: 21/21 MP: 2/2
   175 | D:1      | Reached skill level 1 in Maces & Flails
   398 | D:1      | Reached XP level 2. HP: 24/28 MP: 3/3
   515 | D:1      | Found a sparkling altar of Nemelex Xobeh.
   630 | D:2      | Found a basalt altar of Yredelemnul.
   644 | D:1      | Reached skill level 2 in Maces & Flails
   724 | D:2      | Noticed Jessica
   742 | D:2      | Killed Jessica
   742 | D:2      | Reached skill level 3 in Maces & Flails
   742 | D:2      | Reached XP level 3. HP: 25/34 MP: 4/4
  1124 | D:2      | Reached XP level 4. HP: 25/43 MP: 5/5
  1501 | D:3      | Reached skill level 4 in Maces & Flails
  2096 | D:3      | Reached XP level 5. HP: 43/49 MP: 5/5
  2355 | D:4      | Reached skill level 5 in Maces & Flails
  2444 | D:4      | HP: 11/49 [gnoll/club (2)]
  2536 | D:4      | Noticed an ogre
  2541 | D:4      | Noticed Sigmund
  2600 | D:4      | Found a sparkling altar of Nemelex Xobeh.
  2625 | D:4      | Noticed an ogre
  2774 | D:4      | Noticed Leszczynek's ghost (amateur GnFi)
  3020 | D:3      | HP: 12/49 [orc priest/divine providence (11)]
  3033 | D:3      | Reached skill level 6 in Maces & Flails
  3033 | D:3      | Reached XP level 6. HP: 37/56 MP: 6/6
  3154 | D:5      | Entered Level 5 of the Dungeon
  3259 | D:5      | HP: 11/56 [orc priest/nerve-wracking pain (8)]
  3290 | D:5      | Found Ixorag's Assorted Antiques.
  3509 | D:5      | Reached skill level 7 in Maces & Flails
  3560 | D:5      | Reached XP level 7. HP: 39/62 MP: 7/7
  3818 | D:5      | Found a staircase to the Ecumenical Temple.
  3824 | Temple   | Entered the Ecumenical Temple
  4116 | D:5      | Found an opulent altar of Gozag.
  4470 | D:4      | Killed Sigmund
  4470 | D:4      | Reached skill level 4 in Fighting
  4486 | D:4      | Reached skill level 8 in Maces & Flails
  4586 | D:4      | Noticed Pikel
  5051 | D:4      | Killed Pikel
  5051 | D:4      | Reached skill level 6 in Fighting
  5051 | D:4      | Reached XP level 8. HP: 29/78 MP: 8/8
  5271 | D:6      | Found a burning altar of Makhleb.
  5271 | D:6      | Found a radiant altar of Vehumet.
  5319 | D:6      | Became a worshipper of Makhleb the Destroyer
  5353 | D:6      | Reached skill level 7 in Fighting
  5468 | D:6      | Found a glowing drain.
  5481 | Sewer    | Entered a sewer
  5481 | Sewer    | Noticed oki's ghost (amateur BaFi)
  5505 | Sewer    | Killed oki's ghost
  5919 | Sewer    | Reached skill level 9 in Maces & Flails
  6072 | Sewer    | Gained mutation: You passively map the area around you. [Deep Dwarf growth]
  6072 | Sewer    | Reached XP level 9. HP: 50/86 MP: 9/9
  6131 | Sewer    | Reached * piety under Makhleb
  7121 | D:7      | Reached skill level 10 in Maces & Flails
  7295 | D:7      | Found a glowing golden altar of the Shining One.
  7320 | D:7      | Noticed a two-headed ogre
  7346 | D:7      | Killed a two-headed ogre
  7346 | D:7      | Reached ** piety under Makhleb
  7346 | D:7      | Reached skill level 11 in Maces & Flails
  7424 | D:7      | Found an iron altar of Okawaru.
  7547 | D:7      | Found Dekyenu's Gadget Shoppe.
  7575 | D:7      | Found a sparkling altar of Nemelex Xobeh.
  7749 | D:7      | Reached skill level 12 in Maces & Flails
  7749 | D:7      | Reached XP level 10. HP: 62/96 MP: 10/10
  8193 | D:8      | Noticed a red ugly thing
  8220 | D:8      | HP: 21/96 [red ugly thing (18)]
  8229 | D:8      | Killed a red ugly thing
  8229 | D:8      | Reached skill level 8 in Fighting
  8229 | D:8      | Reached skill level 4 in Armour
  8584 | D:8      | Reached *** piety under Makhleb
  8693 | D:8      | Reached skill level 1 in Invocations
  8834 | D:8      | Reached skill level 2 in Invocations
  8834 | D:8      | Reached skill level 2 in Evocations
  8902 | D:9      | Noticed a manticore
  8915 | D:9      | Noticed a two-headed ogre
  8966 | D:10     | Entered Level 10 of the Dungeon
  9103 | D:10     | Reached skill level 3 in Evocations
  9115 | D:10     | Reached skill level 3 in Invocations
  9138 | D:10     | Reached skill level 4 in Evocations
  9190 | D:10     | Reached skill level 4 in Invocations
  9200 | D:10     | Reached skill level 5 in Evocations
  9235 | D:10     | Reached skill level 5 in Invocations
  9402 | D:10     | Noticed a two-headed ogre
  9428 | D:10     | Killed a two-headed ogre
  9428 | D:10     | Reached skill level 6 in Invocations
  9428 | D:10     | Reached skill level 6 in Evocations
  9522 | D:10     | Reached skill level 7 in Evocations
  9564 | D:10     | Reached XP level 11. HP: 103/103 MP: 13/13
  9983 | D:9      | Noticed a two-headed ogre
  9998 | D:9      | Killed a two-headed ogre
  9998 | D:9      | Reached skill level 7 in Invocations
 10015 | D:9      | Killed a two-headed ogre
 10015 | D:9      | Reached skill level 8 in Evocations
 10028 | D:9      | Reached skill level 8 in Invocations
 10032 | D:9      | Reached **** piety under Makhleb
 10086 | D:9      | Reached skill level 5 in Armour
 10189 | D:9      | Found a staircase to the Lair.
 10200 | D:9      | Found a staircase to the Orcish Mines.
 10546 | D:9      | Reached skill level 6 in Armour
 10955 | D:11     | Found a runed door.
 10962 | D:11     | Reached ***** piety under Makhleb
 10962 | D:11     | Reached skill level 9 in Fighting
 11177 | D:11     | Noticed minicreteconcrete's ghost (journeyman CeHu)
 11209 | D:11     | Killed minicreteconcrete's ghost
 11302 | D:11     | Got a translucent chain mail
 11303 | D:11     | Identified the +6 chain mail "Bialyess" {rElec rCorr} (You found it on level 11 of the Dungeon)
 11364 | D:11     | Reached skill level 7 in Armour
 11455 | D:11     | Reached skill level 1 in Dodging
 11705 | D:11     | Noticed a white ugly thing
 11726 | D:11     | Killed a white ugly thing
 11765 | D:11     | Reached skill level 2 in Dodging
 11815 | D:11     | Found a roughly hewn altar of Beogh.
 11934 | Lair:1   | Entered Level 1 of the Lair of Beasts
 12203 | Lair:1   | Reached skill level 3 in Dodging
 12342 | Lair:1   | Reached skill level 8 in Armour
 12369 | Lair:1   | Reached XP level 12. HP: 116/116 MP: 15/15
 12396 | Lair:1   | Reached skill level 10 in Fighting
 12401 | Lair:1   | Reached skill level 4 in Dodging
 13485 | Lair:2   | Reached skill level 9 in Evocations
 13589 | Lair:2   | Reached skill level 10 in Evocations
 13882 | Lair:3   | Found a labyrinth entrance.
 13898 | Lab      | Entered a labyrinth
 14042 | Lab      | Noticed a minotaur
 14054 | Lab      | Killed a minotaur
 14064 | Lab      | Identified Zetwemin's Collected Works on Scorching Translocation
 14065 | Lab      | Got a glittering steel ring
 14072 | Lab      | Identified the ring "Zyevveg" {rF+ Stlth+} (You found it in a labyrinth)
 14100 | Lair:3   | Identified a scroll of acquirement
 14189 | Lair:3   | Reached skill level 11 in Evocations
 14239 | Lair:3   | Found a staircase to the Snake Pit.
 14361 | Lair:3   | Found a staircase to the Shoals.
 14810 | Lair:4   | Reached skill level 12 in Evocations
 14880 | Lair:4   | Noticed a catoblepas
 14895 | Lair:4   | Killed a catoblepas
 15002 | Lair:4   | Noticed TotoDurand's ghost (journeyman DrBe)
 15021 | Lair:4   | Killed TotoDurand's ghost
 15021 | Lair:4   | Reached skill level 13 in Evocations
 15587 | Lair:4   | Noticed a death yak
 15588 | Lair:4   | Noticed a death yak
 15589 | Lair:4   | Noticed a death yak
 15603 | Lair:4   | Noticed a death yak
 15608 | Lair:4   | Killed a death yak
 15608 | Lair:4   | Reached XP level 13. HP: 116/123 MP: 18/18
 15614 | Lair:4   | Reached skill level 14 in Evocations
 16681 | Lair:6   | Entered Level 6 of the Lair of Beasts
 16721 | Lair:6   | Found a frozen archway.
 16722 | Lair:6   | Found a staircase to the Slime Pits.
 16734 | IceCv    | Entered an ice cave
 16763 | IceCv    | Reached skill level 15 in Evocations
 17026 | IceCv    | Reached skill level 5 in Dodging
 17048 | IceCv    | Reached skill level 9 in Armour
 17147 | IceCv    | Reached skill level 2 in Shields
 17238 | Lair:6   | Reached skill level 3 in Shields
 17299 | Lair:6   | Reached skill level 4 in Shields
 17509 | Lair:6   | Reached skill level 5 in Shields
 17647 | Lair:6   | Reached skill level 6 in Shields
 17689 | Lair:6   | Reached skill level 7 in Shields
 17863 | Lair:6   | Reached skill level 8 in Shields
 18028 | Lair:6   | Reached skill level 9 in Shields
 18599 | Orc:1    | Entered Level 1 of the Orcish Mines
 18823 | Orc:2    | Entered Level 2 of the Orcish Mines
 18844 | Orc:2    | Gained mutation: You resist negative energy. (rN+) [Deep Dwarf growth]
 18844 | Orc:2    | Reached XP level 14. HP: 104/133 MP: 20/20
 18930 | Orc:2    | Noticed an orc warlord
 19130 | Orc:2    | Reached skill level 11 in Fighting
 19186 | Orc:2    | Killed an orc warlord
 19192 | Orc:2    | Noticed Snorg
 19202 | Orc:2    | Killed Snorg
 19247 | Orc:2    | Found a roughly hewn altar of Beogh.
 19350 | Orc:1    | Found Uxter's Gadget Shop.
 19412 | Orc:1    | Noticed an orc warlord
 19484 | Orc:1    | Reached skill level 12 in Fighting
 19500 | Orc:1    | Killed an orc warlord
 19570 | Orc:2    | Found Noijif's Antique Weapon Shoppe.
 19582 | Orc:2    | Found Afefummue's Jewellery Shoppe.
 19614 | Orc:2    | Found Qofidgh's Antique Armour Shoppe.
 19656 | Orc:2    | Found Hiwnunne's General Store.
 19679 | Orc:2    | Bought the ring "Joutaob" {rC+++ Str+5 Dex+3} for 984 gold pieces
 19766 | Orc:2    | Found a staircase to the Elven Halls.
 20258 | Orc:2    | Found a roughly hewn altar of Beogh.
 20597 | Orc:1    | Bought a phial of floods for 560 gold pieces
 21182 | D:12     | Noticed Maurice
 21203 | D:12     | Killed Maurice
 21243 | D:12     | Found a shattered altar of Ashenzari.
 22063 | D:13     | Reached skill level 13 in Maces & Flails
 22430 | D:13     | Reached skill level 14 in Maces & Flails
 22895 | D:13     | Found a gate to the Vaults.
 23028 | D:13     | Reached XP level 15. HP: 123/146 MP: 21/21
 23346 | D:14     | Reached skill level 6 in Dodging
 23564 | D:14     | Reached skill level 10 in Armour
 23564 | D:14     | Reached skill level 7 in Dodging
 23683 | D:14     | Reached ****** piety under Makhleb
 24297 | D:15     | Entered Level 15 of the Dungeon
 24466 | D:15     | Reached skill level 8 in Dodging
 24516 | D:15     | Reached skill level 11 in Armour
 24852 | D:15     | Reached skill level 13 in Fighting
 24870 | D:15     | Found a staircase to the Depths.
 25569 | Elf:1    | Entered Level 1 of the Elven Halls
 25685 | Elf:1    | Noticed Asterion
 25702 | Elf:1    | Killed Asterion
 25702 | Elf:1    | Reached skill level 14 in Fighting
 25800 | Elf:1    | Found Highoymp's Magic Scroll Emporium.
 25803 | Elf:1    | Bought a scroll of teleportation for 57 gold pieces
 25803 | Elf:1    | Bought a scroll of blinking for 142 gold pieces
 25803 | Elf:1    | Bought a scroll of enchant armour for 142 gold pieces
 25882 | Elf:1    | Noticed a deep elf sorcerer
 25891 | Elf:1    | Killed a deep elf sorcerer
 25891 | Elf:1    | Reached XP level 16. HP: 160/160 MP: 22/22
 26048 | Elf:1    | Found a huge runed gate.
 26088 | Elf:1    | Found a huge runed gate.
 26088 | Elf:1    | Found a huge runed gate.
 26088 | Elf:1    | Found a huge runed gate.
 26088 | Elf:1    | Found a huge runed gate.
 26090 | Elf:1    | Found a huge runed gate.
 26092 | Elf:1    | Found a huge runed gate.
 26095 | Elf:1    | Found a huge runed gate.
 26095 | Elf:1    | Found a huge runed gate.
 26097 | Elf:1    | Found a huge runed gate.
 26097 | Elf:1    | Found a huge runed gate.
 26097 | Elf:1    | Found a huge runed gate.
 26098 | Elf:1    | Found a huge runed gate.
 26099 | Elf:1    | Found a huge runed gate.
 26100 | Elf:1    | Found a huge runed gate.
 26105 | Elf:1    | Found a huge runed gate.
 26244 | Elf:1    | Found a huge runed gate.
 26245 | Elf:1    | Found a huge runed gate.
 26245 | Elf:1    | Found a huge runed gate.
 26246 | Elf:1    | Found a huge runed gate.
 26254 | Elf:1    | Found a huge runed gate.
 26254 | Elf:1    | Found a huge runed gate.
 26256 | Elf:1    | Found a huge runed gate.
 26264 | Elf:1    | Found a huge runed gate.
 26265 | Elf:1    | Found a huge runed gate.
 26354 | Elf:1    | Found a huge runed gate.
 26354 | Elf:1    | Found a huge runed gate.
 26354 | Elf:1    | Found a huge runed gate.
 26354 | Elf:1    | Found a huge runed gate.
 26354 | Elf:1    | Found a huge runed gate.
 26355 | Elf:1    | Found a huge runed gate.
 26454 | Orc:2    | Bought a scroll of enchant weapon for 97 gold pieces
 26578 | D:5      | Bought a potion of curing for 87 gold pieces
 26578 | D:5      | Bought a long bone wand for 116 gold pieces
 26713 | Snake:1  | Entered Level 1 of the Snake Pit
 26939 | Snake:1  | Got a twisted hand axe
 27243 | Snake:1  | Found Riororph's Antique Weapon Shoppe.
 27261 | Snake:1  | Reached skill level 15 in Fighting
 27430 | Snake:1  | Noticed TheGoof's ghost (journeyman OpTm)
 27477 | Snake:1  | Killed TheGoof's ghost
 28188 | Snake:2  | Noticed Vashnia
 28239 | Snake:2  | Killed Vashnia
 28239 | Snake:2  | Reached skill level 16 in Fighting
 28492 | Snake:2  | Noticed Louise
 28514 | Snake:2  | Killed Louise
 28620 | Snake:2  | Got a spiked large shield
 28621 | Snake:2  | Identified the +6 large shield of Nemelex Xobeh's Fury {Dex+2} (You took it off Louise on level 2 of the Snake Pit)
 28753 | Snake:2  | Reached skill level 10 in Shields
 29084 | Snake:3  | Reached skill level 11 in Shields
 29451 | Snake:3  | Reached XP level 17. HP: 118/172 MP: 23/23
 29458 | Snake:3  | Reached skill level 12 in Shields
 29805 | Snake:4  | Entered Level 4 of the Snake Pit
 29847 | Snake:4  | Noticed Aizul
 29876 | Snake:3  | Killed Aizul
 29926 | Snake:3  | Reached skill level 13 in Shields
 30033 | Snake:4  | Noticed Mara
 30303 | Snake:4  | Noticed MackTheKnife's illusion
 30312 | Snake:4  | Killed Mara
 30312 | Snake:4  | Reached skill level 14 in Shields
 30365 | Snake:4  | Found Poetoryutz's Antique Weapon Shoppe.
 30428 | Snake:4  | Found a radiant altar of Vehumet.
 30483 | Snake:4  | Noticed Bai Suzhen
 30520 | Snake:4  | Killed Bai Suzhen
 30520 | Snake:4  | Reached skill level 15 in Shields
 30884 | Snake:4  | Reached skill level 16 in Shields
 31280 | Snake:4  | Got a serpentine rune of Zot
 31438 | Shoals:1 | Entered Level 1 of the Shoals
 31501 | Shoals:1 | Gained mutation: You passively map a large area around you. [Deep Dwarf growth]
 31501 | Shoals:1 | Reached XP level 18. HP: 162/181 MP: 21/21
 31703 | Shoals:1 | Reached skill level 17 in Shields
 32555 | Shoals:2 | Reached skill level 18 in Shields
 33493 | Shoals:3 | Noticed Polyphemus
 33520 | Shoals:3 | Reached skill level 19 in Shields
 33530 | Shoals:3 | Killed Polyphemus
 34012 | Shoals:4 | Entered Level 4 of the Shoals
 34359 | Shoals:4 | Got a pair of ichor-stained gloves
 34360 | Shoals:4 | Identified the +2 pair of gloves "Karey" {Dex+5} (You acquired it on level 4 of the Shoals)
 34543 | Shoals:4 | Reached skill level 20 in Shields
 34589 | Shoals:4 | Noticed Ilsuiw
 34589 | Shoals:4 | Reached XP level 19. HP: 188/188 MP: 22/22
 34657 | Shoals:4 | Killed Ilsuiw
 34757 | Shoals:4 | Got a slimy mace
 34914 | Shoals:4 | Got a barnacled rune of Zot
 35351 | Vaults:1 | Entered Level 1 of the Vaults
 35575 | Vaults:1 | Reached skill level 21 in Shields
 36538 | Vaults:1 | Reached skill level 22 in Shields
 36609 | Vaults:1 | Upgraded the game from 0.21-a0-132-g076efaf to 0.21-a0-133-gf55ed5b
 36634 | Vaults:2 | Found Plog's Book Boutique.
 37335 | Vaults:2 | Noticed Nikola
 37353 | Vaults:2 | Killed Nikola
 37497 | Vaults:2 | Reached skill level 23 in Shields
 37497 | Vaults:2 | Reached XP level 20. HP: 195/196 MP: 23/23
 37621 | Vaults:2 | Reached skill level 9 in Dodging
 37838 | Vaults:2 | Reached skill level 10 in Dodging
 38385 | Vaults:3 | Reached skill level 11 in Dodging
 38531 | Vaults:3 | Found Zysynnic's Antique Weapon Emporium.
 38553 | Vaults:3 | Found a staircase to the Crypt.
 38628 | Vaults:3 | Reached skill level 12 in Dodging
 38841 | Vaults:3 | Reached skill level 12 in Armour
 39342 | Vaults:3 | Reached skill level 13 in Armour
 39725 | Vaults:4 | Found a flickering gateway to a bazaar.
 39734 | Bazaar   | Entered a bazaar
 39735 | Bazaar   | Found Hoygreg's Distillery.
 39735 | Bazaar   | Found Ruicheleva's Armour Emporium.
 39736 | Bazaar   | Found Xaitt's Assorted Antiques.
 39749 | Bazaar   | Found Kuphah's Armour Boutique.
 39768 | Bazaar   | Bought a potion of haste for 80 gold pieces
 39779 | Bazaar   | Bought a runed cloak for 157 gold pieces
 39814 | Bazaar   | Bought a scroll of teleportation for 63 gold pieces
 39814 | Bazaar   | Bought a potion of agility for 84 gold pieces
 39814 | Bazaar   | Bought a bone wand for 84 gold pieces
 40016 | Vaults:4 | Found a hazy altar of Hepliaklqana.
 40245 | Vaults:4 | Reached XP level 21. HP: 202/204 MP: 24/24
 40751 | Vaults:4 | Reached skill level 24 in Shields
 40824 | Vaults:4 | Got a translucent mace
 41511 | Vaults:5 | Entered Level 5 of the Vaults
 41828 | Vaults:5 | Got a slimy steel ring
 41830 | Vaults:5 | Got a smoking trident {freeze}
 41833 | Vaults:5 | Identified the ring of Diteleij {+Blink rC+ Dex+2} (You took it off a frost giant on level 5 of the Vaults)
 41844 | Vaults:5 | Got a slimy war axe
 41902 | Vaults:5 | Reached skill level 25 in Shields
 41904 | Vaults:5 | Got a twisted scale mail
 41940 | Vaults:5 | Reached skill level 16 in Evocations
 42123 | Vaults:5 | Reached skill level 17 in Evocations
 42221 | Vaults:5 | Reached XP level 22. HP: 215/215 MP: 26/26
 42233 | Vaults:5 | Noticed a golden dragon
 42233 | Vaults:5 | a shadow dragon changed into a golden dragon
 42288 | Vaults:5 | Identified the cursed +1 scale mail of Mirth {rElec rCorr} (You found it on level 5 of the Vaults)
 42310 | Vaults:5 | Reached skill level 17 in Fighting
 42373 | Vaults:5 | Reached skill level 18 in Evocations
 42649 | Vaults:5 | Got a fine whip {flame}
 42840 | Vaults:5 | Got an uncursed fine flail {venom}
 42910 | Vaults:5 | Noticed a golden dragon
 42937 | Vaults:5 | Killed a golden dragon
 43072 | Vaults:5 | Reached skill level 19 in Evocations
 43217 | Vaults:5 | Got a faintly glowing scimitar
 43267 | Vaults:5 | Noticed a golden dragon
 43285 | Vaults:5 | Killed a golden dragon
 43295 | Vaults:5 | Got a silver rune of Zot
 43303 | Vaults:5 | Got a fine chain mail
 43677 | Depths:1 | Entered Level 1 of the Depths
 43941 | Depths:1 | Reached skill level 18 in Fighting
 44123 | Depths:1 | Identified the +2 chain mail of Lot Jeh {Dex+2} (You found it on level 5 of the Vaults)
 44285 | Depths:1 | Reached skill level 20 in Evocations
 44478 | Depths:2 | Found a gateway to Hell.
 44496 | Depths:2 | Reached XP level 23. HP: 229/229 MP: 29/29
 44557 | Depths:2 | Noticed a juggernaut
 44561 | Depths:2 | Noticed a caustic shrike
 44576 | Depths:2 | Killed a caustic shrike
 44597 | Depths:2 | Killed a juggernaut
 44729 | Depths:2 | Reached skill level 21 in Evocations
 44963 | Depths:2 | Reached skill level 19 in Fighting
 45980 | Depths:3 | Found a runed door.
 45988 | Depths:3 | Found a runed door.
 45988 | Depths:3 | Found a runed door.
 45989 | Depths:3 | Found a one-way gate to the infinite horrors of the Abyss.
 46114 | Depths:3 | Reached skill level 22 in Evocations
 46121 | Depths:3 | Noticed a caustic shrike
 46145 | Depths:3 | Killed a caustic shrike
 46380 | Depths:4 | Found a transporter.
 46437 | Depths:4 | Found a magical portal.
 46443 | WizLab   | Entered Wucad Mu's Monastery
 46649 | WizLab   | Reached skill level 20 in Fighting
 46649 | WizLab   | Reached XP level 24. HP: 133/244 MP: 2/30
 46778 | Depths:5 | Entered Level 5 of the Depths
 47007 | Depths:5 | Found a gate to the Realm of Zot.
 47063 | Depths:5 | Reached skill level 23 in Evocations
 47063 | Depths:5 | Reached XP level 25. HP: 252/252 MP: 30/30
 47176 | Zot:1    | Entered Level 1 of the Realm of Zot
 47341 | Zot:1    | Reached skill level 24 in Evocations
 47631 | Zot:2    | Reached skill level 25 in Evocations
 48158 | Depths:3 | Paralysed by a floating eye for 2 turns
 48733 | Zot:5    | Entered Level 5 of the Realm of Zot
 48901 | Zot:5    | Reached skill level 26 in Evocations
 49010 | Zot:5    | Noticed an ancient lich
 49020 | Zot:5    | Killed an ancient lich
 49058 | Zot:5    | Noticed an ancient lich
 49064 | Zot:5    | Noticed an ancient lich
 49088 | Zot:5    | Killed an ancient lich
 49088 | Zot:5    | Reached skill level 27 in Evocations
 49088 | Zot:5    | Killed an ancient lich
 49088 | Zot:5    | Reached skill level 9 in Invocations
 49091 | Zot:5    | Reached skill level 10 in Invocations
 49091 | Zot:5    | Reached XP level 26. HP: 261/261 MP: 32/32
 49146 | Zot:5    | Reached skill level 11 in Invocations
 49147 | Zot:5    | Noticed an ancient lich
 49166 | Zot:5    | Killed an ancient lich
 49166 | Zot:5    | Reached skill level 12 in Invocations
 49189 | Zot:5    | Noticed an ancient lich
 49191 | Zot:5    | Noticed an ancient lich
 49211 | Zot:5    | Reached skill level 13 in Invocations
 49213 | Zot:5    | Killed an ancient lich
 49218 | Zot:5    | Killed an ancient lich
 49218 | Zot:5    | Reached skill level 14 in Invocations
 49252 | Zot:5    | Noticed an orb of fire
 49271 | Zot:5    | Killed an orb of fire
 49271 | Zot:5    | Reached skill level 15 in Invocations
 49333 | Zot:5    | Reached skill level 16 in Invocations
 49388 | Zot:5    | Reached skill level 17 in Invocations
 49480 | Zot:5    | Noticed an orb of fire
 49484 | Zot:5    | Gained mutation: Scrolls take you a little longer to read. [an orb of fire]
 49485 | Zot:5    | Gained mutation: Armour fits poorly on your strangely shaped body. [an orb of fire]
 49490 | Zot:5    | Gained mutation: You expend magic power (3 MP) to strengthen your wands. [an orb of fire]
 49495 | Zot:5    | Noticed an orb of fire
 49498 | Zot:5    | Killed an orb of fire
 49501 | Zot:5    | Gained mutation: You are frail. (-10% HP) [an orb of fire]
 49504 | Zot:5    | Reached skill level 18 in Invocations
 49516 | Zot:5    | Killed an orb of fire
 49522 | Zot:5    | Lost mutation: You expend magic power (3 MP) to strengthen your wands. [potion of mutation]
 49522 | Zot:5    | Lost mutation: Scrolls take you a little longer to read. [potion of mutation]
 49522 | Zot:5    | Gained mutation: Your system is resistant to poisons. (rPois) [potion of mutation]
 49522 | Zot:5    | Gained mutation: You have sharp toenails. [potion of mutation]
 49522 | Zot:5    | Gained mutation: Your flesh is heat resistant. (rF+) [potion of mutation]
 49522 | Zot:5    | Gained mutation: You are surrounded by a mild repulsion field. (EV +2) [potion of mutation]
 49525 | Zot:5    | Got the Orb of Zot
 50057 | D:10     | Reached skill level 19 in Invocations
 50210 | D:$      | Escaped with the Orb!

Vault maps used:
D:1:      eino_arrival_water_cross, nemelex_diamond_rough_becter
D:2:      nicolae_overflow_crystal_walls, first_bread, solitary_fountain,
          uniq_jessica
D:4:      nemelex_dance_club_becter, uniq_sigmund, uniq_pikel
D:5:      kennysheep_little_box, overflow_temple_1_default,
          minmay_temple_entry_fiery, serial_shops, shop, minmay_misc_feat_doors
D:6:      grunt_temple_overflow_lords_of_destruction, portal_sewer_entry_a
D:7:      tso_metal_star, lemuel_round_altar, serial_shops, shop,
          corexii_leaking_fountain, grunt_ogre_cave, minivault_26,
          okawaru_ov_weapons_minmay
D:9:      lair_entry_dummy, hangedman_incinerator
D:11:     nrook_pool_corridor, lightli_church_of_beogh
D:12:     basic_altar, small_statue_alley_a, eino_small_chamber_without_monster,
          moated_statue, minivault_16, hangedman_abyss_or_decor_passed,
          uniq_maurice
D:13:     hangedman_vaults_entry_quadrant_bands
D:14:     nrook_mini_vaults
D:15:     gammafunk_depths_entry_grave, hangedman_decor_clover_reticule,
          st_stairs_8, onia_ninara_cookie
Temple:   regret_index_temple_generic_petals
Lair:1:   dpeg_oklob_gauntlet, dpeg_stationary_puzzle
Lair:3:   shoals_dummy_entry, guppyfry_snake_entry_island, lab_entry_generic,
          st_stairs_5, serial_bayou_shore_a, infiniplex_staircase_pool_2,
          serial_bayou_shore_b
Lair:4:   bobbens_ice_dragon_lair
Lair:5:   minivault_26
Lair:6:   hangedman_lair_tendril_chambers, slime_dummy,
          portal_ice_cave_entry_pillars_1
Shoals:1: hangedman_shoals_cup_caves
Shoals:3: uniq_polyphemus
Shoals:4: shoals_end_grunt_garden, shoals_ilsuiw_alternative
Snake:1:  serial_shops, nicolae_shop_waterfront
Snake:2:  grunt_ministairs_9, grunt_megastairs_5, uniq_vashnia, uniq_louise
Snake:3:  basic_loot_grate_trap
Snake:4:  grunt_snake_rune_pools, basic_altar, serial_shops, shop,
          uniq_bai_suzhen, uniq_aizul, uniq_mara
Orc:1:    serial_shops, shop
Orc:2:    grunt_orc_cross, minmay_orc_temple_c, uniq_snorg
Elf:1:    serial_shops, nicolae_shop_behind_doors, hangedman_elf_disciples,
          spider_trap, door_vault, uniq_asterion
Elf:2:    hex_tiny
Vaults:1: v_misc_27, v_rooms_6, serial_ice_h, st_lines, vaults_dpeg_ring,
          dpeg_vaults_monster_row, vaults_room_fancy_cross, v_misc_31,
          ontoclasm_vaults_ring_small, ontoclasm_vaults_twist,
          ontoclasm_vaults_shuriken, v_pattern_2
Vaults:2: v_misc_27, v_misc_15, hangedman_vaults_river_flow,
          nicolae_vaults_what_the_h, v_misc_2, hangedman_vaults_restitches,
          vaults_dpeg_cross, grunt_vaults_focal,
          ontoclasm_vaults_claustrophobia, ontoclasm_vaults_chip, serial_shops,
          nicolae_shop_competitors_out_of_business, uniq_nikola
Vaults:3: st_star, minmay_crypt_entry_simple_corners, v_misc_13,
          grunt_vaults_funnel, vaults_room_ringed_pool,
          nicolae_vaults_little_squares_4, ontoclasm_vaults_eye,
          vaults_room_door_ring, v_pattern_4, vaults_room_pool,
          ontoclasm_vaults_gateway, grunt_vaults_diagonal,
          nicolae_vaults_bisected_inception, vaults_mumra_chevron, v_misc_3,
          serial_shops, shop_fountains
Vaults:4: grunt_vaults_trifunnel, nicolae_vaults_border_crossing,
          vaults_room_guarded_vault, v_misc_33, vaults_mumra_lcd,
          vaults_mumra_minichess_inversion, nicolae_vaults_asterisk,
          serial_shops, bzr_entry_customers, basic_altar
Depths:1: hangedman_abyss_or_decor_lesser_grid, pf_hell_entry_tar_river,
          grunt_ministairs_2, grunt_absolute_annihilation, minmay_shop_grove,
          grunt_megastairs_1
Depths:2: hangedman_cross_cluster, minmay_misc_feat_cross, hell_entry,
          minivault_16, kennysheep_another_room
Depths:3: minmay_the_grid_triangle_9x9_rhombus_thin_mashed, abyss_entry,
          grunt_pan_entry_sceptre, corexii_corridor_pit, hellmouth_1,
          wad_rectangle_vault, minmay_staircase_statues_hall_small,
          firewood_loft
Depths:4: gammafunk_sealed_arena, enter_ziggurat_f, serial_shops,
          kennysheep_mini, infiniplex_enter_wizlab_spiral, hell_entry,
          abyss_entry, minmay_misc_feat_columns, serial_sigils,
          serial_sigils_hangedman_shear, serial_sigils_hangedman_scar,
          serial_sigils_hangedman_confine, serial_sigils_hangedman_etch,
          serial_sigils_hangedman_scratch, serial_sigils_hangedman_snap
Depths:5: grunt_zot_entry_tricorne, hell_entry
Zot:1:    hangedman_zot_spectrum
Zot:2:    nicolae_zot_stationary_front, grunt_megastairs_4
Zot:4:    st_large_dragon_hoard_1
Lab:      labyrinth_watery, nicolae_lab_plus, nicolae_lab_stuck
Bazaar:   bazaar_minmay_plants
Sewer:    sewer_co_tree
IceCv:    ice_cave_tombish
WizLab:   wizlab_wucad

Skill      XL: |  1  2  3  4  5  6  7  8  9 10 11 12 13 14 15 16 17 18 19 20 21 22 23 24 25 26 |
---------------+-------------------------------------------------------------------------------+-----
Maces & Flails | 1 3 4 6 7 8 9 12 14 | 14.1
Fighting       | 6 7 8 9 10 12 14 16 18 20 | 20.0
Armour         | 4 8 9 11 13 | 13.1
Invocations    | 6 8 10 19 | 19.0
Evocations     | 7 8 13 15 17 20 22 23 27 | 27.0
Dodging        | 3 4 5 8 12 | 12.0
Shields        | 9 11 16 20 23 25 | 25.0
Axes           | |  0.9
Crossbows      | |  1.1

Action                   |  1- 3 |  4- 6 |  7- 9 | 10-12 | 13-15 | 16-18 | 19-21 | 22-24 | 25-27 || total
-------------------------+-------+-------+-------+-------+-------+-------+-------+-------+-------++-------
Melee: Club              |    66 |       |       |       |       |       |       |       |       ||    66
       Whip              |    71 |   344 |   480 |  1189 |   953 |       |       |       |       ||  3037
       Mace              |       |    63 |   108 |       |       |       |       |       |       ||   171
       War axe           |       |       |    30 |       |       |       |       |       |       ||    30
       Flail             |       |       |       |       |  1063 |       |       |       |       ||  1063
       Demon whip        |       |       |       |       |    32 |  2031 |  2174 |  1472 |   925 ||  6634
Throw: Stone             |     4 |       |       |       |       |       |       |       |       ||     4
Invok: Minor Destruction |       |       |       |    15 |     4 |     2 |       |       |       ||    21
       Lesser Servant of |       |       |       |    16 |    31 |    34 |     5 |     5 |       ||    91
       Greater Servant o |       |       |       |       |       |       |       |       |     3 ||     3
 Abil: Heal Wounds       |       |     6 |     9 |    14 |     5 |     7 |       |     4 |     7 ||    52
Evoke: Wand              |       |     2 |     5 |    35 |    45 |    21 |     3 |       |     7 ||   118
       Lightning rod     |       |       |       |       |    12 |    12 |     7 |     1 |     8 ||    40
       Lamp of fire      |       |       |       |       |     4 |     6 |    12 |    13 |     9 ||    44
       Phial of floods   |       |       |       |       |     1 |     7 |       |     1 |     5 ||    14
       Fan of gales      |       |       |       |       |       |     2 |       |       |       ||     2
       Sack of spiders   |       |       |       |       |       |       |       |       |     1 ||     1
  Use: Scroll            |     1 |    10 |     8 |    12 |    13 |    19 |    10 |     7 |     2 ||    82
       Potion            |       |     2 |     7 |     1 |     1 |     6 |     2 |     5 |    15 ||    39
 Stab: Confused          |       |       |     2 |    14 |    17 |     1 |       |       |       ||    34
       Distracted        |       |       |       |     7 |     5 |    16 |     1 |     3 |     5 ||    37
       Betrayed ally     |       |       |       |     1 |       |       |       |       |       ||     1
       Petrified         |       |       |       |       |       |     4 |       |       |       ||     4
       Petrifying        |       |       |       |       |       |     1 |       |       |       ||     1
  Eat: Chunk             |     1 |     8 |    12 |    20 |    30 |    22 |    21 |     8 |       ||   122
       Royal jelly       |       |       |     1 |       |       |       |       |       |     2 ||     3
       Bread ration      |       |       |       |     2 |     3 |     2 |     2 |     1 |       ||    10
       Fruit             |       |       |       |       |       |       |       |     4 |       ||     4
       Meat ration       |       |       |       |       |       |       |       |       |     2 ||     2
Armor: Scale mail        |    87 |   182 |   187 |   177 |       |       |       |       |       ||   633
       Skin              |       |       |    11 |       |       |       |       |       |       ||    11
       Chain mail        |       |       |       |   218 |   768 |   416 |   231 |   219 |   129 ||  1981
Dodge: Dodged            |    71 |   149 |   177 |   333 |   745 |   394 |   275 |   292 |   179 ||  2615
Block: Buckler           |       |       |       |       |   573 |    87 |       |       |       ||   660
       Large shield      |       |       |       |       |       |  1764 |  1800 |  1447 |   717 ||  5728

Vault maps used:
D:1:      eino_arrival_water_cross, nemelex_diamond_rough_becter
D:2:      nicolae_overflow_crystal_walls, first_bread, solitary_fountain,
          uniq_jessica
D:4:      nemelex_dance_club_becter, uniq_sigmund, uniq_pikel
D:5:      kennysheep_little_box, overflow_temple_1_default,
          minmay_temple_entry_fiery, serial_shops, shop, minmay_misc_feat_doors
D:6:      grunt_temple_overflow_lords_of_destruction, portal_sewer_entry_a
D:7:      tso_metal_star, lemuel_round_altar, serial_shops, shop,
          corexii_leaking_fountain, grunt_ogre_cave, minivault_26,
          okawaru_ov_weapons_minmay
D:9:      lair_entry_dummy, hangedman_incinerator
D:11:     nrook_pool_corridor, lightli_church_of_beogh
D:12:     basic_altar, small_statue_alley_a, eino_small_chamber_without_monster,
          moated_statue, minivault_16, hangedman_abyss_or_decor_passed,
          uniq_maurice
D:13:     hangedman_vaults_entry_quadrant_bands
D:14:     nrook_mini_vaults
D:15:     gammafunk_depths_entry_grave, hangedman_decor_clover_reticule,
          st_stairs_8, onia_ninara_cookie
Temple:   regret_index_temple_generic_petals
Lair:1:   dpeg_oklob_gauntlet, dpeg_stationary_puzzle
Lair:3:   shoals_dummy_entry, guppyfry_snake_entry_island, lab_entry_generic,
          st_stairs_5, serial_bayou_shore_a, infiniplex_staircase_pool_2,
          serial_bayou_shore_b
Lair:4:   bobbens_ice_dragon_lair
Lair:5:   minivault_26
Lair:6:   hangedman_lair_tendril_chambers, slime_dummy,
          portal_ice_cave_entry_pillars_1
Shoals:1: hangedman_shoals_cup_caves
Shoals:3: uniq_polyphemus
Shoals:4: shoals_end_grunt_garden, shoals_ilsuiw_alternative
Snake:1:  serial_shops, nicolae_shop_waterfront
Snake:2:  grunt_ministairs_9, grunt_megastairs_5, uniq_vashnia, uniq_louise
Snake:3:  basic_loot_grate_trap
Snake:4:  grunt_snake_rune_pools, basic_altar, serial_shops, shop,
          uniq_bai_suzhen, uniq_aizul, uniq_mara
Orc:1:    serial_shops, shop
Orc:2:    grunt_orc_cross, minmay_orc_temple_c, uniq_snorg
Elf:1:    serial_shops, nicolae_shop_behind_doors, hangedman_elf_disciples,
          spider_trap, door_vault, uniq_asterion
Elf:2:    hex_tiny
Vaults:1: v_misc_27, v_rooms_6, serial_ice_h, st_lines, vaults_dpeg_ring,
          dpeg_vaults_monster_row, vaults_room_fancy_cross, v_misc_31,
          ontoclasm_vaults_ring_small, ontoclasm_vaults_twist,
          ontoclasm_vaults_shuriken, v_pattern_2
Vaults:2: v_misc_27, v_misc_15, hangedman_vaults_river_flow,
          nicolae_vaults_what_the_h, v_misc_2, hangedman_vaults_restitches,
          vaults_dpeg_cross, grunt_vaults_focal,
          ontoclasm_vaults_claustrophobia, ontoclasm_vaults_chip, serial_shops,
          nicolae_shop_competitors_out_of_business, uniq_nikola
Vaults:3: st_star, minmay_crypt_entry_simple_corners, v_misc_13,
          grunt_vaults_funnel, vaults_room_ringed_pool,
          nicolae_vaults_little_squares_4, ontoclasm_vaults_eye,
          vaults_room_door_ring, v_pattern_4, vaults_room_pool,
          ontoclasm_vaults_gateway, grunt_vaults_diagonal,
          nicolae_vaults_bisected_inception, vaults_mumra_chevron, v_misc_3,
          serial_shops, shop_fountains
Vaults:4: grunt_vaults_trifunnel, nicolae_vaults_border_crossing,
          vaults_room_guarded_vault, v_misc_33, vaults_mumra_lcd,
          vaults_mumra_minichess_inversion, nicolae_vaults_asterisk,
          serial_shops, bzr_entry_customers, basic_altar
Depths:1: hangedman_abyss_or_decor_lesser_grid, pf_hell_entry_tar_river,
          grunt_ministairs_2, grunt_absolute_annihilation, minmay_shop_grove,
          grunt_megastairs_1
Depths:2: hangedman_cross_cluster, minmay_misc_feat_cross, hell_entry,
          minivault_16, kennysheep_another_room
Depths:3: minmay_the_grid_triangle_9x9_rhombus_thin_mashed, abyss_entry,
          grunt_pan_entry_sceptre, corexii_corridor_pit, hellmouth_1,
          wad_rectangle_vault, minmay_staircase_statues_hall_small,
          firewood_loft
Depths:4: gammafunk_sealed_arena, enter_ziggurat_f, serial_shops,
          kennysheep_mini, infiniplex_enter_wizlab_spiral, hell_entry,
          abyss_entry, minmay_misc_feat_columns, serial_sigils,
          serial_sigils_hangedman_shear, serial_sigils_hangedman_scar,
          serial_sigils_hangedman_confine, serial_sigils_hangedman_etch,
          serial_sigils_hangedman_scratch, serial_sigils_hangedman_snap
Depths:5: grunt_zot_entry_tricorne, hell_entry
Zot:1:    hangedman_zot_spectrum
Zot:2:    nicolae_zot_stationary_front, grunt_megastairs_4
Zot:4:    st_large_dragon_hoard_1
Lab:      labyrinth_watery, nicolae_lab_plus, nicolae_lab_stuck
Bazaar:   bazaar_minmay_plants
Sewer:    sewer_co_tree
IceCv:    ice_cave_tombish
WizLab:   wizlab_wucad

Table legend:
 A = Turns spent in this place as a percentage of turns spent in the entire game.
 B = Non-inter-level travel turns spent in this place as a percentage of non-inter-level travel turns spent in the entire game.
 C = Inter-level travel turns spent in this place as a percentage of turns spent in this place.
 D = Turns resting spent in this place as a percentage of non-inter-level travel turns spent in this place.
 E = Turns spent auto-exploring this place as a percentage of non-inter-level travel turns spent in this place.
 F = Non-inter-level travel turns spent in this place divided by the number of levels of this place that you've seen.
                   A       B       C       D       E      F
               +-------+-------+-------+-------+-------+----------------------
         Total | 100.0 | 100.0 |   0.5 |   0.4 |   5.3 | 469.6
       Dungeon |  27.8 |  27.6 |   1.0 |   0.3 |   6.6 | 467.3
        Temple |   0.1 |   0.1 |   3.7 |   0.0 |  61.5 |  26.0
          Lair |   7.7 |   7.7 |   0.4 |   0.9 |   7.2 | 324.3
        Shoals |   8.8 |   8.8 |   0.3 |   0.4 |   6.1 | 557.8
     Snake Pit |  10.1 |  10.1 |   0.3 |   0.8 |   5.4 | 638.5
  Orcish Mines |   4.8 |   4.8 |   1.1 |   0.3 |   5.0 | 605.5
   Elven Halls |   1.6 |   1.6 |   0.7 |   0.0 |   6.8 | 205.5
        Vaults |  17.3 |  17.4 |   0.2 |   0.2 |   5.9 | 882.8
        Depths |   9.7 |   9.7 |   0.5 |   0.2 |   2.7 | 490.0
           Zot |   6.7 |   6.8 |   0.3 |   0.4 |   0.9 | 342.8
     Labyrinth |   0.8 |   0.8 |   0.0 |   0.0 |   0.0 | 194.0
        Bazaar |   0.4 |   0.4 |   0.0 |   0.0 |   0.0 |  91.0
         Sewer |   1.9 |   1.9 |   0.0 |   1.2 |   3.7 | 486.0
      Ice Cave |   1.5 |   1.5 |   0.0 |   0.0 |   1.6 | 384.0
        Wizlab |   0.9 |   0.9 |   0.0 |   0.0 |   1.3 | 235.0
               +-------+-------+-------+-------+-------+----------------------

Table legend:
 A = Kills in this place as a percentage of kills in entire the game.
 B = Kills by you in this place as a percentage of kills by you in the entire game.
 C = Kills by friends in this place as a percentage of kills by friends in the entire game.
 D = Other kills in this place as a percentage of other kills in the entire game.
 E = Experience gained in this place as a percentage of experience gained in the entire game.
 F = Experience gained in this place divided by the number of levels of this place that you have seen.
                   A       B       C       D       E      F
               +-------+-------+-------+-------+-------+----------------------
         Total | 100.0 | 100.0 | 100.0 | 100.0 | 100.0 | 24251.5
       Dungeon |  25.2 |  26.1 |   5.6 |  20.0 |   7.0 | 6071.8
          Lair |   7.9 |   6.9 |  31.1 |   0.0 |   3.0 | 6610.3
        Shoals |   9.1 |   9.1 |   8.9 |   0.0 |   7.7 | 25287.8
     Snake Pit |   9.5 |   8.8 |  24.4 |   0.0 |   9.5 | 31050.8
  Orcish Mines |   6.3 |   6.1 |   8.9 |  40.0 |   1.4 | 9157.0
   Elven Halls |   1.7 |   1.7 |   2.2 |   0.0 |   1.8 | 11633.0
        Vaults |  21.6 |  22.6 |   1.1 |   0.0 |  29.8 | 77951.0
        Depths |  10.5 |  10.9 |   0.0 |  40.0 |  18.1 | 47495.2
           Zot |   5.7 |   5.2 |  16.7 |   0.0 |  21.3 | 55800.6
     Labyrinth |   0.0 |   0.1 |   0.0 |   0.0 |   0.1 | 752.0
         Sewer |   1.4 |   1.5 |   0.0 |   0.0 |   0.0 | 622.0
      Ice Cave |   1.0 |   1.0 |   1.1 |   0.0 |   0.3 | 4298.0
               +-------+-------+-------+-------+-------+----------------------
